 Dungeon Crawl Stone Soup version 0.20.1-1-g8b1a95d (webtiles) character file.

14 tidbits the Insei (level 2, 1/22 HPs)
             Began as a Demigod Transmuter on Aug 20, 2017.
             Quit the game on level 2 of the Dungeon.
             The game lasted 00:02:11 (234 turns).

tidbits the Insei (Demigod Transmuter)               Turns: 234, Time: 00:02:11

Health: 1/22       AC:  2    Str: 15    XL:     2   Next: 18%
Magic:  1/7        EV: 12    Int: 15    God:
Gold:   8          SH:  0    Dex: 16    Spells: 1/4 levels left

rFire    . . .     SeeInvis .     - Unarmed
rCold    . . .     Gourm    .   (no shield)
rNeg     . . .     Faith    .   b - +0 robe
rPois    .         Spirit   .   (no helmet)
rElec    .         Reflect  .   (no cloak)
rCorr    .         Harm     .   (no gloves)
MR       .....                  (no boots)
Stlth    +.........             (no amulet)
Regen    0.1/turn               (no ring)
MPRegen  0.1/turn               (no ring)

@: lethally poisoned (1 -> -1), appendage, very slightly contaminated
A: horns 2, dopey 1, high mp 1, strong 1, subdued magic 2
a: End Transformation


You were on level 2 of the Dungeon.
You were not hungry.
You had grown temporary horns.
You visited 1 branch of the dungeon, and saw 2 of its levels.

You collected 8 gold pieces.

Inventory:

Missiles
 a - 11 arrows
Armour
 b - a +0 robe (worn)
Scrolls
 g - a scroll of fear {unknown}
 h - a scroll of immolation {unknown}
Books
 c - a book of Changes

   Spells                             Type                      Level
   a - Beastly Appendage              Transmutation                1
   b - Sticks to Snakes               Transmutation                2
   c - Spider Form                    Transmutation/Poison         3
   d - Ice Form                       Ice/Transmutation            4
   e - Blade Hands                    Transmutation                5
Comestibles
 d - a bread ration


   Skills:
 - Level 0.8 Fighting
 - Level 1.7 Dodging
 + Level 3.4 Unarmed Combat
 - Level 1.7 Spellcasting
 - Level 1.7 Transmutations


You had one spell level left.
You knew the following spells:

 Your Spells              Type           Power        Failure   Level  Hunger
e - Beastly Appendage     Tmut           #.....       7%          1    ##.....
k - Sticks to Snakes      Tmut           #.......     12%         2    ###....


Dungeon Overview and Level Annotations

Branches:
Dungeon (2/15)


Innate Abilities, Weirdness & Mutations

You have an increased reservoir of magic. (+10% MP)
You have a pair of horns on your head.
You are dopey. (Int -2)
Your muscles are strong. (Str +2)
Your spells are easier to cast, but less powerful.


Message History

Items here: )) †† a dagger x2; a goblin corpse x2
There is a stone staircase leading down here.
You climb downwards.
There is a stone staircase leading up here.
A goblin and a kobold come into view.
The helpless kobold fails to defend itself.
You hit the kobold.
The kobold is severely wounded.
The kobold misses you.
Casting: Beastly Appendage
Confirm with . or Enter, or press ? or * to list all spells.
You grow a pair of large bovine horns.
The kobold hits you with a whip.
You hit the kobold.
You kill the kobold!
The goblin shouts!
You see here a whip.
You barely miss the goblin. Your headbutt misses the goblin.
The goblin barely misses you.
You hit the goblin.
You kill the goblin!
Things that are here:
a club; a goblin corpse Your transformation is almost over.
An adder comes into view.
The adder hisses angrily.
You hear an angry hiss.
The adder bites you.
* * * LOW HITPOINT WARNING * * *
You are poisoned.
The adder poisons you!
Casting: Beastly Appendage
Confirm with . or Enter, or press ? or * to list all spells.
You miscast Sticks to Snakes.
You are very lightly contaminated with residual magic.
The air around you crackles with energy!
Your horns disappear.
You feel sick. The adder bites you.
* * * LOW HITPOINT WARNING * * *
You are lethally poisoned!
The adder poisons you!
Casting: Sticks to Snakes
Confirm with . or Enter, or press ? or * to list all spells.
You miscast Sticks to Snakes.
The air around you crackles with energy!
* * * LOW HITPOINT WARNING * * *
You feel sick. The adder barely misses you.
A leopard gecko comes into view.
Okay, then.
* * * LOW HITPOINT WARNING * * *
You feel sick. The adder barely misses you.
It was a potion of curing.
You feel better. The adder closely misses you.
Casting: Sticks to Snakes
Confirm with . or Enter, or press ? or * to list all spells.
You create a snake!
You now have 11 arrows.
The adder closely misses you.
You swap places.
The adder completely misses your ball python.
Your ball python barely misses the adder.
Your ball python closely misses the adder.
The adder bites your ball python.
Casting: Sticks to Snakes
Confirm with . or Enter, or press ? or * to list all spells.
You grow a pair of large bovine horns.
Your ball python bites the adder.
Your ball python closely misses the adder.
The adder bites your ball python.
Your ball python is poisoned.
The adder poisons your ball python!
Your ball python bites the adder but does no damage.
Your ball python closely misses the adder.
Your ball python dies!
You hit the adder but do no damage.
The adder is lightly wounded.
The adder barely misses you. x2
You closely miss the adder. Your headbutt misses the adder.
The adder is lightly wounded.
The adder bites you.
* * * LOW HITPOINT WARNING * * *
You barely miss the adder. You headbutt the adder.
The adder is moderately wounded.
The adder bites you but does no damage.
You closely miss the adder.
The adder is moderately wounded.
The adder barely misses you.
You hit the adder but do no damage.
The adder is moderately wounded.
The adder bites you.
* * * LOW HITPOINT WARNING * * *
You are poisoned.
The adder poisons you! The adder barely misses you.
You hit the adder.
The adder is severely wounded.
* * * LOW HITPOINT WARNING * * *
You feel sick. The adder bites you.
* * * LOW HITPOINT WARNING * * *
It was a potion of mutation.
You feel extremely strange.
Your connection to magic feels subdued.
You feel stupid.
Your connection to magic feels more subdued.
You feel stronger. The adder bites you but does no damage.
Are you sure you want to abandon this character and quit the game? (Confirm with "yes".)

#
#.#.#######
#.....lS@.#
#....####.#
#.... #.#
#.#.. #.# #
#.. #.#####
#.. #.....#
#.. #####.#
#.. #.# #
#)#


You could see an adder and a leopard gecko.

Vanquished Creatures
  3 goblins
  3 hobgoblins (D:1)
  A ball python (D:1)
  2 bats
  3 kobolds
  A rat (D:1)
13 creatures vanquished.

Notes
Turn   | Place    | Note
-------+----------+-------------------------------------------
     0 | D:1      | tidbits the Demigod Transmuter began the quest for the Orb.
     0 | D:1      | Reached XP level 1. HP: 15/15 MP: 5/5
    38 | D:2      | Found a stormy altar of Qazlal.
    38 | D:2      | Found a shattered altar of Ashenzari.
    38 | D:2      | Found an ancient bone altar of Kikubaaqudgha.
    38 | D:2      | Found a shimmering altar of Xom.
    46 | D:2      | Reached skill level 3 in Unarmed Combat
   143 | D:1      | Reached XP level 2. HP: 10/22 MP: 5/7
   148 | D:1      | Learned a level 2 spell: Sticks to Snakes
   232 | D:2      | HP: 1/22 [adder (2)]
   233 | D:2      | Gained mutation: Your spells are a little easier to cast, but a little less powerful. [potion of mutation]
   233 | D:2      | Gained mutation: You are dopey. (Int -2) [potion of mutation]
   233 | D:2      | Gained mutation: Your spells are easier to cast, but less powerful. [potion of mutation]
   233 | D:2      | Gained mutation: Your muscles are strong. (Str +2) [potion of mutation]
   234 | D:2      | Quit the game

Skill      XL: |  1 |
---------------+----+-----
Unarmed Combat | 3 |  3.4
Fighting       | |  0.8
Dodging        | |  1.7
Spellcasting   | |  1.7
Transmutations | |  1.7

Action                   || total
-------------------------++-------
Melee: Unarmed           ||    29
       Headbutt          ||     5
       Kick              ||     3
 Cast: Beastly Appendage ||    10
       Sticks to Snakes  ||     1
  Use: Potion            ||     2
 Stab: Sleeping          ||     1
Armor: Robe              ||     6
Dodge: Dodged            ||    19

Table legend:
 A = Turns spent in this place as a percentage of turns spent in the entire game.
 B = Non-inter-level travel turns spent in this place as a percentage of non-inter-level travel turns spent in the entire game.
 C = Inter-level travel turns spent in this place as a percentage of turns spent in this place.
 D = Turns resting spent in this place as a percentage of non-inter-level travel turns spent in this place.
 E = Turns spent auto-exploring this place as a percentage of non-inter-level travel turns spent in this place.
 F = Non-inter-level travel turns spent in this place divided by the number of levels of this place that you've seen.
                   A       B       C       D       E      F
               +-------+-------+-------+-------+-------+----------------------
         Total | 100.0 | 100.0 |   0.0 |   0.0 |   0.0 | 112.5
       Dungeon | 100.0 | 100.0 |   0.0 |   0.0 |   0.0 | 112.5
               +-------+-------+-------+-------+-------+----------------------

Table legend:
 A = Kills in this place as a percentage of kills in entire the game.
 B = Kills by you in this place as a percentage of kills by you in the entire game.
 C = Kills by friends in this place as a percentage of kills by friends in the entire game.
 D = Other kills in this place as a percentage of other kills in the entire game.
 E = Experience gained in this place as a percentage of experience gained in the entire game.
 F = Experience gained in this place divided by the number of levels of this place that you have seen.
                   A       B       C       D       E      F
               +-------+-------+-------+-------+-------+----------------------
         Total | 100.0 | 100.0 |  -nan |  -nan | 100.0 |  10.5
       Dungeon | 100.0 | 100.0 |  -nan |  -nan | 100.0 |  10.5
               +-------+-------+-------+-------+-------+----------------------

Vault maps used:
D:1:      dpeg_arrival_connections
D:2:      kb_forest_paths, kennysheep_ying_yang, ashenzari_altar_1,
          grunt_temple_overflow_open, st_stairs_13
